 Dungeon Crawl Stone Soup version 0.23.2-33-g5129a83184 (webtiles) character file.

Game seed: 3048697583583391371

191 MalarOregon the Magician (level 5, 0/44 (45) HPs)
             Began as a Ghoul Wizard on July 11, 2019.
             Slain by Edmund
             ... wielding a +1 flail of protection
              (7 damage)
             ... on level 4 of the Dungeon.
             The game lasted 00:10:07 (5075 turns).

MalarOregon the Magician (Ghoul Wizard)             Turns: 5075, Time: 00:10:07

HP:   0/44 (45)     AC:  3    Str: 11    XL:     5   Next: 70%
MP:   4/9           EV: 12    Int: 14    God:
Gold: 212           SH:  0    Dex:  7    Spells: 8/11 levels left

rFire    . . .     SeeInvis .   q - +1 war axe (freeze)
rCold    + . .     Gourm    .   (no shield)
rNeg     + + +     Faith    .   a - +0 robe
rPois    ∞         Spirit   .   b - +0 hat
rElec    .         Reflect  .   n - +0 cloak
rCorr    .         Harm     .   (no gloves)
MR       .....                  (no boots)
Stlth    ++........             (no amulet)
HPRegen  0.00/turn              (no ring)
MPRegen  0.11/turn              (no ring)

@: rotting
A: rotting body, claws 1, carnivore, cold resistance 1, negative energy
resistance 3, inhibited regeneration, torment resistance, unbreathing
a: no special abilities


You were on level 4 of the Dungeon.
You were not hungry.

You visited 1 branch of the dungeon, and saw 4 of its levels.

You collected 212 gold pieces.

Inventory:

Hand Weapons
 q - a +1 war axe of freezing (weapon)
   (You found it on level 3 of the Dungeon)
Armour
 a - a +0 robe (worn)
 b - a +0 hat (worn)
 n - a +0 cloak (worn)
   (You found it on level 4 of the Dungeon)
Scrolls
 c - 3 scrolls of enchant weapon {unknown}
 d - 5 scrolls of remove curse {unknown}
 h - a scroll of amnesia {unknown}
 j - a scroll of fear {unknown}
 l - 3 scrolls of identify {unknown}
 m - 2 scrolls of teleportation {unknown}
 o - a scroll of magic mapping {unknown}
 p - a scroll of fog {unknown}
Potions
 f - 2 potions of cancellation {unknown}
 g - a potion of might {unknown}
 i - a potion of curing {unknown}
 k - a potion of heal wounds {unknown}
Comestibles
 e - 11 rations {!d}
 r - 2 chunks of flesh


   Skills:
 + Level 3.5 Fighting
 - Level 1.7 Dodging
 - Level 2.1 Stealth
 + Level 3.9 Spellcasting
 - Level 1.0 Conjurations
 - Level 2.0 Summonings
   Level 0.8 Translocations


You had 8 spell levels left.
You knew the following spells:

 Your Spells              Type           Power        Failure   Level  Hunger
a - Magic Dart            Conj           #...         13%         1    None
x - Call Imp              Summ           #.......     13%         2    ##.....

Your spell library contained the following spells:

 Spells                   Type           Power        Failure   Level  Hunger
 Blink                    Tloc           N/A          21%         2    ##.....
 Slow                     Hex            #.......     30%         2    ##.....
 Conjure Flame            Conj/Fire      #.......     43%         3    ###....
 Mephitic Cloud           Conj/Pois/Air  #.......     45%         3    ###....


Dungeon Overview and Level Annotations

Branches:
Dungeon (4/15)
 Temple: D:4-7

Altars:
Nemelex Xobeh
Trog
The Shining One

Annotations:
D:3 exclusions: orc and orc wizard
D:4 Edmund


Innate Abilities, Weirdness & Mutations

Your body is rotting away.
You thrive on raw meat.
You are immune to poison.
You have sharp fingernails.
You are carnivorous and can eat meat at any time.
Your flesh is cold resistant. (rC+)
You are immune to negative energy. (rN+++)
You do not regenerate when monsters are visible.
You are immune to unholy pain and torment.
You can survive without breathing.


Message History

Edmund says, "You wouldn't believe how much I paid for this flail."
Edmund hits your white imp with a +1 flail of protection.
Your white imp gestures at Edmund.
The puff of frost misses Edmund.
The adder barely misses you.
Your crimson imp hits Edmund but does no damage.
You miss the adder. The adder closely misses you.
Edmund hits your white imp but does no damage.
Your white imp barely misses Edmund.
Your crimson imp barely misses Edmund.
The adder closely misses you.
You barely miss the adder.
Your white imp hits Edmund but does no damage.
Edmund closely misses your white imp.
Your crimson imp hits Edmund but does no damage.
The adder barely misses you.
Your white imp closely misses Edmund.
The adder closely misses you.
Your crimson imp closely misses Edmund.
You barely miss the adder.
Your white imp disappears in a puff of smoke!
Edmund hits your crimson imp with a +1 flail of protection!
The adder bites you.
Your crimson imp hits Edmund but does no damage.
You slash the adder! You freeze the adder. The adder barely misses you.
Your crimson imp hits Edmund.
The adder barely misses you.
Your crimson imp hits Edmund but does no damage.
Your magical contamination has completely faded away.
A beastly little devil appears in a puff of frigid air.
The adder bites you.
* * * LOW HITPOINT WARNING * * *
Edmund closely misses you.
The orc hits you from afar with a +0 trident.
* * * LOW HITPOINT WARNING * * *
The adder bites you.
* * * LOW HITPOINT WARNING * * *
Your crimson imp barely misses Edmund.
You swap places.
The adder bites your white imp.
Your white imp closely misses Edmund.
Your crimson imp blinks!
You barely miss Edmund. Edmund closely misses you. The orc closely misses you.
Your crimson imp blinks!
Your white imp hits Edmund but does no damage.
The adder bites you.
* * * LOW HITPOINT WARNING * * *
The orc hits your white imp with a +0 trident.
Your white imp barely misses the orc.
Your crimson imp closely misses the orc.
The orc hits your white imp with a +0 trident.
Your white imp hits the orc.
Your white imp freezes the orc.
The orc dies!
Your crimson imp blinks!
Edmund hits you with a +1 flail of protection!
You die...

#..#...##..#......##.... ..
.. #..###..##......5...> ..#
. #...##..##........... ....
###...#....#.........#.
#..##.....#.............##.
##...##.......###.........#5
#..........###..............
#........÷#..##..............
...........#@...##...........
............S@...............
#......#........5.........#..
#.....#..##.5.............#..
#....#..##.).............#..
##......###§.#....... .. #..
........###)##.......
.........##..........
...##...####........[


You could see Edmund, an adder, a friendly crimson imp and a friendly white imp.

Vanquished Creatures
  A bullfrog (D:4)
  3 adders
  An ooze (D:1)
  A worm (D:2)
  A leopard gecko (D:4)
  An orc (D:3)
  7 bats
  A giant cockroach (D:3)
  6 hobgoblins
  10 jackals
  A quokka (D:2)
  A ball python (D:1)
  7 frilled lizards
  5 goblins
  7 kobolds
  4 rats
57 creatures vanquished.

Vanquished Creatures (collateral kills)
  A hound (D:4)
  2 adders
  A worm (D:3)
  A dart slug (D:1)
  3 orcs (D:4)
  A hobgoblin (D:2)
  6 jackals
15 creatures vanquished.

Grand Total: 72 creatures vanquished

Notes
Turn   | Place    | Note
-------+----------+-------------------------------------------
     0 | D:1      | MalarOregon the Ghoul Wizard began the quest for the Orb.
     0 | D:1      | Reached XP level 1. HP: 14/14 MP: 3/3
    45 | D:1      | Found a glowing golden altar of the Shining One.
   140 | D:1      | Reached skill level 1 in Fighting
   140 | D:1      | Reached XP level 2. HP: 17/21 MP: 4/4
   505 | D:1      | Learned a level 2 spell: Call Imp
   613 | D:1      | Reached skill level 1 in Summonings
  1199 | D:1      | Reached skill level 1 in Conjurations
  1212 | D:1      | Reached XP level 3. HP: 3/27 MP: 2/6
  2240 | D:2      | Found a bloodstained altar of Trog.
  3313 | D:2      | Reached XP level 4. HP: 36/36 MP: 1/7
  3317 | D:2      | Found a sparkling altar of Nemelex Xobeh.
  4242 | D:3      | Found a faded altar of an unknown god.
  4899 | D:4      | Noticed a bullfrog
  4907 | D:4      | Killed a bullfrog
  4907 | D:4      | Reached XP level 5. HP: 33/44 MP: 2/9
  5046 | D:4      | Noticed Edmund
  5075 | D:4      | Slain by Edmund

Skill      XL: |  1  2  3  4 |
---------------+-------------+-----
Fighting       | 1 2 3 |  3.5
Spellcasting   | 3 |  3.9
Summonings     | 1 2 |  2.0
Conjurations   | 1 |  1.0
Dodging        | |  1.7
Stealth        | |  2.1
Translocations | |  0.8

Action                   |  1- 3 |  4- 6 || total
-------------------------+-------+-------++-------
Melee: Unarmed           |    68 |       ||    68
       Short sword       |    26 |       ||    26
       Dagger            |    81 |    22 ||   103
       War axe           |       |    42 ||    42
 Cast: Magic Dart        |    57 |     8 ||    65
       Call Imp          |     8 |     9 ||    17
 Stab: Sleeping          |     1 |     3 ||     4
  Eat: Chunk             |    10 |     7 ||    17
Armor: Robe              |    39 |    11 ||    50
Dodge: Dodged            |   130 |    60 ||   190
